 Dungeon Crawl Stone Soup version 0.28-a0-1152-g9c71ebef14 (webtiles) character file.

Game seed: 7341597244111181399

62605 SnakkuSnakku7 the Fencer (level 14, -4/110 HPs)
             Began as a Demonspawn Cinder Acolyte on Dec 15, 2021.
             Was a High Priest of Uskayaw.
             Killed by divine providence
             ... invoked by a meliai
              (16 damage)
             ... on level 12 of the Dungeon.
             The game lasted 00:46:10 (21922 turns).

SnakkuSnakku7 the Fencer (DsCA)                    Turns: 21922, Time: 00:46:11

Health: -4/110     AC: 31    Str: 16    XL:     14   Next: 65%
Magic:  15/15      EV:  8    Int: 16    God:    Uskayaw [*****.]
Gold:   357        SH:  6    Dex: 12    Spells: 12/15 levels left

rFire   . . .      SeeInvis +   a - +5 triple sword (freeze)
rCold   . . .      Faith    .   (shield currently unavailable)
rNeg    . . .      Spirit   .   N - +9 plate armour {ponderous}
rPois   .          Reflect  .   (helmet unavailable)
rElec   .          Harm     .   W - +1 cloak {Will+}
rCorr   .          Rampage  .   R - +1 pair of gloves
Will    +++..                   L - +2 pair of boots
Stlth   ..........              y - amulet of regeneration
HPRegen 1.08/turn               g - +4 ring of evasion
MPRegen 0.28/turn               O - +4 ring of protection

@: lethally poisoned (-4 -> -5), fire susceptible, slow
A: antennae 3, large bone plates 2, spiny 2, magic regeneration, demonic
willpower
a: Renounce Religion, Stomp, Line Pass, Grand Finale


You were on level 12 of the Dungeon.
You worshipped Uskayaw.
Uskayaw was noncommittal.
You visited 3 branches of the dungeon, and saw 19 of its levels.
You also visited: Ice Cave.

You collected 1743 gold pieces.
You spent 1386 gold pieces at shops.

Inventory:

Hand Weapons
 a - a +5 triple sword of freezing (weapon)
 b - a +3 vorpal morningstar
Missiles
 u - 5 throwing nets (quivered)
Armour
 m - a +3 leather armour of cold resistance
 L - a +2 pair of boots (worn)
 N - a +9 plate armour of ponderousness (worn)
 R - a +1 pair of gloves (worn)
 W - a +1 cloak of willpower (worn)
Jewellery
 g - a +4 ring of evasion (left hand)
 o - a +6 ring of dexterity
 p - a ring of poison resistance
 t - an amulet of faith
 v - a ring of ice
 y - an amulet of regeneration (around neck)
 H - a ring of willpower
 O - a +4 ring of protection (right hand)
Wands
 r - a wand of flame (27)
 w - a wand of paralysis (5)
 B - a wand of acid (11)
 I - a wand of iceblast (19)
 V - a wand of mindburst (7)
Scrolls
 d - 2 scrolls of vulnerability
 e - 2 scrolls of silence
 f - 5 scrolls of teleportation
 l - 2 scrolls of immolation
 n - 4 scrolls of fog
 q - 4 scrolls of amnesia
 A - 2 scrolls of brand weapon
 E - a scroll of summoning
 Q - 7 scrolls of identify
 S - 2 scrolls of holy word
 T - 5 scrolls of fear
 U - 2 scrolls of blinking
Potions
 c - 2 potions of haste
 h - 3 potions of might
 i - 3 potions of cancellation
 j - 7 potions of flight
 k - a potion of ambrosia
 s - 12 potions of curing
 x - 2 potions of attraction
 z - a potion of magic
 F - 2 potions of mutation
 G - a potion of brilliance
 M - 2 potions of heal wounds
Miscellaneous
 D - a condenser vane
 J - a lightning rod (4/4)
 P - a phantom mirror


   Skills:
 - Level 10.0 Fighting
 + Level 16.2 Long Blades
 - Level 14.0 Maces & Flails
 - Level 3.2 Armour
 - Level 5.0 Shields
 - Level 1.0 Spellcasting
 - Level 3.0 Conjurations
 - Level 4.0 Fire Magic


You had 12 spell levels left.
You knew the following spells:

 Your Spells              Type           Power      Damage    Failure   Level
a - Foxfire               Conj/Fire      48%        2x1d6     97%         1
b - Scorch                Fire           26%        2d6       99%         2

Your spell library contained the following spells:

 Spells                   Type           Power      Damage    Failure   Level
 Beastly Appendage        Tmut           0%         N/A       100%        1
 Sublimation of Blood     Necr           0%         N/A       100%        2
 Wereblood                Tmut           0%         N/A       100%        2
 Conjure Flame            Conj/Fire      12%        6-21      100%        3
 Inner Flame              Hex/Fire       7%         N/A       100%        3
 Spider Form              Tmut/Pois      0%         N/A       100%        3
 Flame Wave               Conj/Fire      12%        2d5       100%        4
 Passage of Golubria      Tloc           0%         N/A       100%        4
 Silence                  Hex/Air        0%         N/A       100%        5
 Dispersal                Tloc           0%         N/A       100%        6
 Malign Gateway           Summ/Tloc      0%         N/A       100%        7
 Storm Form               Tmut/Air       0%         N/A       100%        7
 Summon Hydra             Summ           0%         N/A       100%        7
 Disjunction              Tloc           0%         N/A       100%        8
 Lehudib's Crystal Spear  Conj/Erth      2%         10d2      100%        8
 Summon Horrible Things   Summ           0%         N/A       100%        8


Dungeon Overview and Level Annotations

Branches:
Dungeon (12/15)            Temple (1/1) D:6            Lair (6/6) D:11
 Shoals (0/4) Lair:3       Spider (0/4) Lair:3        Slime (0/5) Lair:6
  IceCv (visited)
    Orc: D:9-12

Altars:
Ashenzari
Cheibriados
Dithmenos
Elyvilon
Fedhas
Gozag
Hepliaklqana
Kikubaaqudgha
Makhleb
Nemelex Xobeh
Okawaru
Qazlal
Ru
Sif Muna
Trog
Uskayaw
Vehumet
Wu Jian
Yredelemnul
Zin
The Shining One
Beogh
Jiyva

Shops:
D:1 [   D:4 (   D:5 =   D:9 ?   D:10 (   D:11 !   D:12 ?

Portals:
Trove: D:11 (give +2 shadow dragon scales)

Annotations:
Lair:3 exclusion: oklob plant
Lair:6 1 runed translucent door


Innate Abilities, Weirdness & Mutations

You have a pair of large antennae on your head. (SInv)
You are mostly covered in large bone plates. (SH +6)
You are mostly covered in sharp spines.
You regenerate magic rapidly.
You punish those that try to bend your will. (Will+)


Message History

You feel very sick. The meliai is struck by your spines.
The meliai hits you but does no damage.
The meliai stings you but does no damage.
The meliai is struck by your spines. The meliai hits you but does no damage.
The meliai stings you but does no damage.
Unknown command.
You barely miss the meliai.
The meliai is heavily wounded.
You feel very sick.
The meliai calls down the wrath of its god upon you.
Something smites you! The meliai hits you with a +0 war axe!
The meliai stings you but does no damage.
The meliai is struck by your spines. The meliai hits you but does no damage.
The meliai closely misses you. The meliai hits you with a +0 war axe!
The meliai stings you but does no damage.
You are too injured to fight recklessly!
You are too injured to fight recklessly!
Unknown command.
You are too injured to fight recklessly!
Unknown command.
You feel very sick.
The meliai mumbles some strange prayers to its god against you.
Something smites you!
The meliai mumbles some strange prayers to its god against you.
Something smites you!
* * * LOW HITPOINT WARNING * * *
The meliai calls upon its god to heal the meliai.
The meliai is healed somewhat.
Unknown command.
You slash the meliai! You freeze the meliai.
The meliai is severely wounded.
You feel sick.
The meliai calls down the wrath of its god upon you.
Something smites you!
* * * LOW HITPOINT WARNING * * *
The meliai is struck by your spines.
You kill the meliai!
The meliai calls down the wrath of its god upon you.
Something smites you!
You die...

.. .# .# .# ##### .#
#.yy.!
.###########yyyy{###
.....).....#yyy.{..#
.#######.#.#######y#
.# ##...#......@yy#
.####..###.#########
#.....##...#
..######.### <## #.
# . . ..


You could see 2 meliai and a killer bee.

Vanquished Creatures
  4 dire elephants (Lair:6)
  A fire dragon (Lair:1)
  Harold (D:9)
  7 hydras
  2 boulder beetles
  2 catoblepae
  6 death yaks
  3 two-headed ogres
  A spectral death yak (Lair:6)
  2 bog bodies (IceCv)
  A spectral anaconda (Lair:6)
  An obsidian statue (Lair:6)
  2 wolf spiders (Lair:3)
  3 necromancers (Lair:6)
  A cyclops (D:10)
  2 centaur zombies (D:10)
  14 elephants
  3 torpor snails
  Joseph (D:8)
  9 black mambas
  A dire elephant zombie (Lair:6)
  An ice statue (IceCv)
  13 cane toads
  An unseen horror (D:11)
  A dire elephant skeleton (Lair:6)
  A rime drake (Lair:3)
  10 komodo dragons
  A freezing wraith (IceCv)
  A queen bee (D:12)
  2 trolls
  A meliai (D:12)
  A hornet (Lair:3)
  5 polar bears
  5 dream sheep (Lair:6)
  A meliai zombie (D:10)
  23 blink frogs
  Sigmund (D:4)
  3 redbacks (Lair:3)
  A dire elephant simulacrum (Lair:6)
  A wraith (D:9)
  33 yaks
  Eustachio (D:5)
  6 basilisks
  5 death yak simulacra
  A spectral cane toad (Lair:6)
  Menkaure (D:4)
  A harpy simulacrum (IceCv)
  Edmund (D:4)
  An acid dragon (D:9)
  An ice beast (D:5)
  13 water moccasins
  5 orc warriors
  A sky beast (D:5)
  A black bear (D:6)
  2 ogres
  3 elephant zombies (Lair:6)
  10 wolves
  7 centaurs
  An elephant skeleton (Lair:6)
  2 kobold brigands
  11 bullfrogs
  2 scorpions
  A gnoll sergeant (D:11)
  4 cane toad simulacra
  6 two-headed ogre simulacra (IceCv)
  A water moccasin skeleton (D:4)
  4 elephant simulacra
  4 wights (D:7)
  3 vampire bats (D:7)
  14 killer bees
  10 electric eels
  13 howler monkeys
  A bullfrog zombie (D:7)
  9 hounds
  12 jellies
  6 orc priests
  4 bullfrog skeletons
  5 iguanas
  7 hell rats (Lair:6)
  4 orc wizards
  4 troll simulacra (IceCv)
  3 polar bear simulacra (IceCv)
  8 spriggan simulacra (IceCv)
  3 wolf simulacra (IceCv)
  2 hound zombies (D:5)
  2 hound skeletons
  A howler monkey zombie (D:8)
  7 gnolls
  11 adders
  8 naga simulacra (IceCv)
  5 white imps
  4 ufetubi
  A worm (D:3)
  2 dart slugs
  30 orcs
  6 ball pythons
  3 bat skeletons (D:7)
  2 bat zombies (D:7)
  19 endoplasms
  4 giant cockroaches
  6 hobgoblins
  18 kobolds
  2 quokkas
  10 bats
  3 frilled lizards (D:3)
  9 goblins
  4 rats
  A spectral kobold (D:6)
535 creatures vanquished.

Vanquished Creatures (others)
  188 foxfires
  59 fungi
  54 plants
  20 withered plants (Lair:6)
321 creatures vanquished.

Grand Total: 856 creatures vanquished

Notes
Turn   | Place    | Note
-------+----------+-------------------------------------------
     0 | D:1      | SnakkuSnakku7 the Demonspawn Cinder Acolyte began the quest
                  | for the Orb.
     0 | D:1      | Reached XP level 1. HP: 18/18 MP: 2/2
   118 | D:1      | Found a faded altar of an unknown god.
   214 | D:1      | Found Tynuodde's Armour Emporium.
   349 | D:1      | Gained mutation: You regenerate magic rapidly. [demonic
                  | ancestry]
   349 | D:1      | Reached XP level 2. HP: 24/24 MP: 3/3
  1183 | D:1      | Learned a level 1 spell: Foxfire
  1186 | D:1      | Learned a level 2 spell: Scorch
  1462 | D:2      | Reached skill level 1 in Conjurations
  1470 | D:2      | Gained mutation: You are partially covered in sharp spines.
                  | [demonic ancestry]
  1470 | D:2      | Reached XP level 3. HP: 29/29 MP: 4/4
  2074 | D:2      | Reached XP level 4. HP: 35/35 MP: 0/5
  2399 | D:3      | Found a shimmering blue altar of Sif Muna.
  2535 | D:3      | Gained mutation: You have a pair of small antennae on your
                  | head. [demonic ancestry]
  2535 | D:3      | Reached XP level 5. HP: 11/41 MP: 2/6
  3002 | D:3      | Found an opulent altar of Gozag.
  3580 | D:4      | Noticed an ogre
  3934 | D:3      | Killed an ogre
  3935 | D:3      | Gained mutation: You have a pair of antennae on your head.
                  | [demonic ancestry]
  3935 | D:3      | Reached XP level 6. HP: 17/47 MP: 7/7
  4244 | D:4      | Reached skill level 5 in Maces & Flails
  4284 | D:4      | Found Qusaenus's Antique Weapon Shoppe.
  4510 | D:4      | Noticed Sigmund
  4510 | D:4      | Noticed Menkaure
  4518 | D:4      | Killed Menkaure
  4519 | D:4      | Reached XP level 7. HP: 19/52 MP: 4/8
  4911 | D:4      | Noticed Edmund
  4933 | D:4      | Killed Edmund
  4967 | D:4      | Bought a glowing morningstar for 189 gold pieces
  5680 | D:4      | Killed Sigmund
  5719 | D:5      | Entered Level 5 of the Dungeon
  5747 | D:5      | Gained mutation: You are partially covered in large bone
                  | plates. (SH +4) [demonic ancestry]
  5747 | D:5      | Reached XP level 8. HP: 58/58 MP: 9/9
  5946 | D:5      | Found a snail-covered altar of Cheibriados.
  5947 | D:5      | Found a blossoming altar of Fedhas.
  6109 | D:5      | Found Lajemikh's Jewellery Shop.
  6474 | D:5      | Noticed Eustachio
  6484 | D:5      | Killed Eustachio
  6849 | D:6      | Identified the +9 long sword "Qes Giof" {holy, rN++ rCorr
                  | Str-3}
  6912 | D:6      | Reached skill level 10 in Maces & Flails
  7088 | D:6      | Found a staircase to the Ecumenical Temple.
  7246 | D:6      | Found a hazy altar of Hepliaklqana.
  7331 | D:6      | Found a radiant altar of Vehumet.
  7446 | D:6      | Gained mutation: You punish those that try to bend your
                  | will. (Will+) [demonic ancestry]
  7446 | D:6      | Reached XP level 9. HP: 63/63 MP: 10/10
  8969 | D:7      | Found an ancient bone altar of Kikubaaqudgha.
  9103 | D:8      | Noticed Joseph
  9130 | D:8      | Killed Joseph
  9302 | D:8      | Noticed a two-headed ogre
  9452 | D:8      | Found an ornate altar of the Wu Jian Council.
 10443 | D:8      | Killed a two-headed ogre
 10444 | D:8      | Gained mutation: You have a pair of large antennae on your
                  | head. (SInv) [demonic ancestry]
 10444 | D:8      | Reached XP level 10. HP: 50/70 MP: 8/11
 11126 | D:9      | Found Duacky's Magic Scroll Shoppe.
 11131 | D:9      | Bought a scroll of identify for 30 gold pieces
 11131 | D:9      | Bought a scroll of identify for 30 gold pieces
 11131 | D:9      | Bought a scroll of magic mapping for 52 gold pieces
 11131 | D:9      | Bought a scroll of summoning for 142 gold pieces
 11131 | D:9      | Bought a scroll of identify for 30 gold pieces
 11147 | D:9      | Noticed Harold
 11162 | D:9      | Killed Harold
 12002 | D:10     | Entered Level 10 of the Dungeon
 12081 | D:10     | Reached skill level 5 in Fighting
 12303 | D:10     | Found Fuferghilu's Antique Weapon Shop.
 12549 | D:10     | Noticed a cyclops
 12580 | D:10     | Killed a cyclops
 12680 | D:10     | Reached XP level 11. HP: 83/83 MP: 12/12
 13164 | D:11     | Found a staircase to the Lair.
 13167 | D:11     | Noticed a seven-headed hydra
 13191 | D:11     | Noticed a two-headed ogre
 13198 | D:11     | Found a portal to a secret trove of treasure.
 13222 | D:11     | Noticed a two-headed ogre
 13232 | D:11     | Killed a two-headed ogre
 13244 | D:11     | Killed a two-headed ogre
 13346 | D:11     | Killed a seven-headed hydra
 13465 | D:11     | Found Plog's Distillery.
 13468 | D:11     | Bought a potion of heal wounds for 85 gold pieces
 13468 | D:11     | Bought a potion of heal wounds for 85 gold pieces
 13793 | Lair:1   | Entered Level 1 of the Lair of Beasts
 13848 | Lair:1   | Reached skill level 10 in Fighting
 13848 | Lair:1   | Reached skill level 1 in Armour
 13886 | Lair:1   | Found a frozen archway.
 13908 | IceCv    | Entered an ice cave
 14095 | IceCv    | Reached skill level 1 in Shields
 14529 | IceCv    | Noticed a bog body
 14550 | IceCv    | Killed a bog body
 14581 | IceCv    | Noticed a bog body
 14609 | IceCv    | Killed a bog body
 14621 | IceCv    | Reached skill level 5 in Shields
 14675 | IceCv    | Found the +4 skin of Zhor {*Englaciate rC+++ SInv}
 14682 | IceCv    | Got Sif Muna's Incunabulum of Transmutation and Ignition
 14778 | Lair:1   | Noticed a seven-headed hydra
 14795 | Lair:1   | Killed a seven-headed hydra
 14796 | Lair:1   | Reached skill level 2 in Long Blades
 14796 | Lair:1   | Reached XP level 12. HP: 75/97 MP: 13/13
 14912 | Lair:1   | Reached skill level 3 in Long Blades
 15365 | Lair:1   | Noticed a fire dragon
 15388 | Lair:1   | Killed a fire dragon
 15389 | Lair:1   | Reached skill level 4 in Long Blades
 15754 | Lair:2   | Noticed a four-headed hydra
 15763 | Lair:2   | Killed a four-headed hydra
 15764 | Lair:2   | Reached skill level 5 in Long Blades
 15944 | Lair:2   | Reached skill level 6 in Long Blades
 15970 | Lair:2   | Noticed a four-headed hydra
 15984 | Lair:2   | Killed a four-headed hydra
 15989 | Lair:2   | Reached skill level 7 in Long Blades
 16202 | Lair:2   | Noticed a four-headed hydra
 16218 | Lair:2   | Killed a four-headed hydra
 16230 | Lair:2   | Reached skill level 8 in Long Blades
 16407 | Lair:2   | Noticed a boulder beetle
 16425 | Lair:2   | Killed a boulder beetle
 16513 | Lair:2   | Noticed a catoblepas
 16720 | Lair:2   | Reached skill level 9 in Long Blades
 16824 | Lair:2   | Killed a catoblepas
 17123 | Lair:3   | Reached skill level 10 in Long Blades
 17123 | Lair:3   | Gained mutation: You are mostly covered in sharp spines.
                  | [demonic ancestry]
 17123 | Lair:3   | Reached XP level 13. HP: 85/103 MP: 14/14
 17256 | Lair:3   | Found a staircase to the Shoals.
 17525 | Lair:3   | Reached skill level 11 in Long Blades
 17801 | Lair:3   | Found a hole to the Spider Nest.
 18040 | Lair:4   | You fall into a shaft and drop 2 floors!
 18040 | Lair:6   | Entered Level 6 of the Lair of Beasts
 18056 | Lair:6   | Reached skill level 12 in Long Blades
 18057 | Lair:6   | HP: 1/103 [death yak (42)]
 18066 | Lair:6   | Found a runed translucent door.
 18247 | Lair:5   | Reached skill level 13 in Long Blades
 19719 | Lair:6   | Reached skill level 14 in Long Blades
 19719 | Lair:6   | Gained mutation: You are mostly covered in large bone
                  | plates. (SH +6) [demonic ancestry]
 19719 | Lair:6   | Reached XP level 14. HP: 74/110 MP: 15/15
 20131 | Lair:6   | Found a viscous altar of Jiyva.
 20135 | Lair:6   | Noticed an acid blob
 20135 | Lair:6   | Noticed an acid blob
 20136 | Lair:6   | Found a staircase to the Slime Pits.
 20498 | Lair:6   | Reached skill level 15 in Long Blades
 20675 | Lair:6   | Noticed an acid blob
 21113 | Lair:6   | Reached skill level 16 in Long Blades
 21448 | D:11     | Bought a potion of might for 68 gold pieces
 21607 | Temple   | Entered the Ecumenical Temple
 21648 | Temple   | Fell from the grace of Ignis
 21648 | Temple   | Became a worshipper of Uskayaw the Reveller
 21825 | D:12     | Found Uska's Magic Scroll Shop.
 21833 | D:12     | Bought a scroll of fear for 35 gold pieces
 21833 | D:12     | Bought a scroll of acquirement for 520 gold pieces
 21833 | D:12     | Bought a scroll of fear for 35 gold pieces
 21833 | D:12     | Bought a scroll of fear for 35 gold pieces
 21833 | D:12     | Bought a scroll of fog for 20 gold pieces
 21833 | D:12     | Bought a scroll of teleportation for 30 gold pieces
 21833 | D:12     | Acquired a +1 cloak of willpower
 21850 | D:12     | Reached * piety under Uskayaw
 21866 | D:12     | Reached ** piety under Uskayaw
 21909 | D:12     | Reached *** piety under Uskayaw
 21912 | D:12     | Reached **** piety under Uskayaw
 21916 | D:12     | Reached ***** piety under Uskayaw
 21922 | D:12     | Killed from afar by a meliai

Illustrated notes

Levels and vault maps discovered:
D:1:      zelgadis_glass_arrival_small, layout_basic, serial_shops,
          shop_fountains, shapermc_ecumenical_altar_mp_highgroup
D:2:      layout_rooms, chequers_serial_rivers_micro_d, minmay_pentomino_q2
D:3:      layout_loops_corners, amcnicky_altar_gilded,
          nicolae_overflow_crystal_walls
D:4:      layout_gridville, serial_shops, shop_statue, uniq_sigmund,
          uniq_edmund, uniq_menkaure
D:5:      layout_basic, jmf_multi_god_temple, serial_shops, kennysheep_mini,
          uniq_eustachio
D:6:      layout_basic, nicolae_hepliaklqana_monster_ancestors,
          old_standard_altar, minmay_temple_entry_gardened_gates,
          grunt_ministairs_11
D:7:      layout_layer_cave, kennysheep_vampire_church
D:8:      layout_rooms, mainiacjoe_overflow_alcove_1,
          chequers_serial_rivers_marsh, grunt_decor_one_mirror, minivault_21,
          uniq_joseph
D:9:      layout_basic, serial_shops, shop, uniq_harold
D:10:     layout_basic, serial_corexii_hall, corexii_hall_statues_x,
          corexii_hall_statues_x, serial_shops, kennysheep_little_box,
          minivault_22
D:11:     layout_rooms, erik_lair_island, special_room [special_room_orc],
          serial_shops, kennysheep_mini_moat, enter_trove_1,
          hangedman_decor_diamond_cutter
D:12:     layout_rooms, orc_0_dummy, special_room [special_room_bee],
          serial_shops, nicolae_shop_stone
Temple:   nicolae_temple_great_sept
Lair:1:   dragon1_lemuel, layout_cave_pods, portal_ice_cave_entry_pillars_1,
          serial_bayou_crossing, grunt_megastairs_3
Lair:2:   layout_loops_ring, st_stairs_11, chequers_serial_rivers_small_b,
          hangedman_lair_generics_rect, serial_bayou_shore_b
Lair:3:   lemuel_slime, layout_chaotic_city, minmay_shoals_entry_centaurs,
          spider_nest_entry_funnel_web, kennysheep_basilisk_garden
Lair:4:   layout_loops_ring
Lair:5:   layout_cave_pods, minmay_stone_trees_small, beast_lair_carwin_8,
          infiniplex_staircase_pool_2
Lair:6:   due_jungle_book, layout_loops_ring, slime_altar_2, lemuel_old_faithful

Skill      XL: |  1  2  3  4  5  6  7  8  9 10 11 12 13 14 |
---------------+-------------------------------------------+-----
Maces & Flails | 3 4 6 7 10 13 14 | 14.0
Conjurations   | 1 2 3 |  3.0
Fire Magic     | 3 4 |  4.0
Fighting       | 6 10 | 10.0
Armour         | 3 |  3.2
Shields        | 5 |  5.0
Long Blades    | 2 10 14 16 | 16.2
Spellcasting   | |  1.0

Action                   |  1- 3 |  4- 6 |  7- 9 | 10-12 | 13-15 || total
-------------------------+-------+-------+-------+-------+-------++-------
Melee: Mace              |    98 |       |       |       |       ||    98
       Flail             |       |    56 |     8 |       |       ||    64
       Morningstar       |       |       |   250 |   453 |    16 ||   719
       Triple sword      |       |       |       |   139 |   481 ||   620
Throw: Throwing net      |       |       |       |     2 |       ||     2
 Cast: Foxfire           |    10 |    27 |    44 |     6 |       ||    87
       Scorch            |       |       |     2 |       |       ||     2
Invok: Fiery Armour      |       |       |     2 |     3 |       ||     5
       Foxfire Swarm     |       |       |     1 |       |     2 ||     3
Evoke: Wand              |       |     6 |     8 |    33 |       ||    47
       Condenser vane    |       |       |       |       |     1 ||     1
  Use: Scroll            |       |       |       |    29 |     7 ||    36
       Potion            |       |       |       |     2 |     2 ||     4
 Stab: Paralysed         |       |     6 |     7 |       |     1 ||    14
       Sleeping          |       |       |     1 |       |       ||     1
       Petrified         |       |       |       |       |     3 ||     3
Armor: Robe              |    36 |     1 |       |       |       ||    37
       Leather armour    |       |     2 |    57 |    81 |       ||   140
       Plate armour      |       |       |       |   168 |   424 ||   592
Dodge: Dodged            |    93 |    29 |   152 |   243 |   199 ||   716
Block: Other             |       |     9 |   126 |    75 |   127 ||   337
       Reflection        |       |     1 |     3 |       |       ||     4
       Tower shield      |       |       |       |   146 |       ||   146

Table legend: (Time is in decaauts)
 A = Elapsed time spent in this place.
 B = Non-inter-level travel time spent in this place.
 C = Inter-level travel time spent in this place.
 D = Time resting spent in this place.
 E = Time spent auto-exploring this place.
 F = Levels seen in this place.
 G = Mean time per level.
                   A        B        C        D        E       F      G
               +--------+--------+--------+--------+--------+-----+--------+
         Total |  22675 |  21088 |   1587 |   2513 |  12823 |  20 | 1133.8 |
       Dungeon |  14357 |  13250 |   1107 |   1949 |   8379 |  12 | 1196.4 |
        Temple |     56 |     46 |     10 |      0 |      0 |   1 |   56.0 |
          Lair |   7441 |   6972 |    469 |    362 |   4444 |   6 | 1240.2 |
      Ice Cave |    819 |    819 |      0 |    202 |      0 |   1 |  819.0 |
               +--------+--------+--------+--------+--------+-----+--------+

Top non-repeatable levels by time:
     D:7: 2118 daAuts
     D:3: 1776 daAuts
  Lair:6: 1692 daAuts
     D:1: 1425 daAuts
     D:4: 1395 daAuts
  Lair:1: 1333 daAuts
  Lair:2: 1246 daAuts
     D:9: 1201 daAuts
     D:2: 1161 daAuts
  Lair:5: 1153 daAuts
     D:6: 1132 daAuts
    D:10: 1108 daAuts
     D:8: 1102 daAuts
  Lair:3: 1093 daAuts
     D:5: 945 daAuts
